 Dungeon Crawl Stone Soup version 0.26-a0-52-gd53d4cd (webtiles) character file.

Game seed: 14026220014916172970

71 thirtiethelement the Skirmisher (level 4, -3/41 HPs)
             Began as a Gnoll Abyssal Knight on June 5, 2020.
             Was a Follower of Lugonu.
             Slain by Robin
             ... wielding a +0 dagger
              (4 damage)
             ... on level 3 of the Dungeon.
             The game lasted 00:04:19 (2310 turns).

thirtiethelement the Skirmisher (GnAK)              Turns: 2310, Time: 00:04:19

Health: -3/41      AC:  5    Str: 15    XL:     4   Next: 24%
Magic:  7/7        EV: 12    Int: 15    God:    Lugonu [*.....]
Gold:   87         SH:  0    Dex: 14    Spells: 5/5 levels left

rFire    . . .     SeeInvis .   a - +1 hand axe
rCold    . . .     Gourm    .   (no shield)
rNeg     . . .     Faith    .   b - +0 leather armour
rPois    .         Spirit   .   h - +1 helmet
rElec    .         Reflect  .   s - scarf {+Inv}
rCorr    .         Harm     .   (no gloves)
MR       .....                  (no boots)
Stlth    +.........             i - amulet of inaccuracy (curse)
HPRegen  0.13/turn              (no ring)
MPRegen  0.10/turn              (no ring)

@: brilliant
A: distributed training, fangs 1, strong nose
a: Depart the Abyss, Renounce Religion, Evoke Invisibility


You were on level 3 of the Dungeon.
You worshipped Lugonu.
Lugonu was aware of your devotion.
You were hungry.

You visited 1 branch of the dungeon, and saw 3 of its levels.
You visited the Abyss 1 time.

You collected 87 gold pieces.

Inventory:

Hand Weapons
 a - a +1 hand axe (weapon)
Missiles
 r - 5 boomerangs (quivered)
Armour
 b - a +0 leather armour (worn)
 h - a +1 helmet (worn)
 s - a scarf of invisibility (worn)
Jewellery
 i - a cursed amulet of inaccuracy (around neck)
 j - an uncursed amulet of guardian spirit {unknown}
Wands
 f - a wand of digging (7)
Scrolls
 e - a scroll of teleportation
 o - a scroll of identify
 q - 3 scrolls of blinking
Potions
 d - a potion of brilliance
 g - a potion of might {unknown}
 k - 2 potions of invisibility
 l - 2 potions of flight {unknown}
 m - a potion of magic {unknown}
 n - a potion of stabbing {unknown}
 p - a potion of haste {unknown}
Comestibles
 c - 3 rations


   Skills:
 + Level 6.6 Fighting
 + Level 1.0 Short Blades
 + Level 1.0 Long Blades
 + Level 4.6 Axes
 + Level 1.0 Maces & Flails
 + Level 1.0 Polearms
 + Level 1.0 Staves
 + Level 1.0 Slings
 + Level 1.0 Bows
 + Level 1.0 Crossbows
 + Level 1.0 Throwing
 + Level 4.6 Armour
 + Level 2.7 Dodging
 + Level 1.0 Stealth
 + Level 1.0 Shields
 + Level 1.0 Unarmed Combat
 + Level 1.0 Spellcasting
 + Level 0.8 Conjurations
 + Level 0.8 Hexes
 + Level 0.8 Charms
 + Level 0.8 Summonings
 + Level 0.8 Necromancy
 + Level 0.8 Translocations
 + Level 0.8 Transmutations
 + Level 0.8 Fire Magic
 + Level 0.8 Ice Magic
 + Level 0.8 Air Magic
 + Level 0.8 Earth Magic
 + Level 0.8 Poison Magic
 + Level 4.6 Invocations
 + Level 1.0 Evocations


You had 5 spell levels left.
You didn't know any spells.
Your spell library was empty.

Dungeon Overview and Level Annotations

Branches:
Dungeon (3/15)

Altars:
Cheibriados
Okawaru
Vehumet
Xom

Annotations:
D:3 Robin


Innate Abilities, Weirdness & Mutations

Your experience applies equally to all skills.
You have very sharp teeth.
Your uncanny sense of smell can sniff out nearby items.


Message History

You hit the hobgoblin. Robin throws the goblin at you!
* * * LOW HITPOINT WARNING * * *
The hobgoblin hits you but does no damage.
The goblin misses you.
You closely miss Robin.
Robin is severely wounded.
You barely miss the hobgoblin. You hit the goblin.
The goblin barely misses you. The hobgoblin hits you with a +0 club.
* * * LOW HITPOINT WARNING * * *
You miss Robin.
Robin is severely wounded.
You miss the goblin. You miss the hobgoblin. Robin hits you with a +0 dagger.
* * * LOW HITPOINT WARNING * * *
The goblin hits you.
* * * LOW HITPOINT WARNING * * *
The hobgoblin barely misses you.
It was a potion of brilliance.
You feel clever all of a sudden. Robin hits you with a +0 dagger.
You die...

##.# #.#
#.# #.#
#.# #.#
#.## #.g#
##@#
.....ggg#
(_..._.g#
........#
...♣....#
.. .....#
. ..._...
.......#


You could see Robin, a hobgoblin (strong) and 3 goblins.

Vanquished Creatures
  An adder (D:2)
  2 oozes
  A worm (D:2)
  4 giant cockroaches
  13 goblins
  7 hobgoblins
  2 jackals (D:1)
  2 ball pythons (D:1)
  4 bats
  A frilled lizard (D:2)
  4 kobolds (D:1)
  5 rats
46 creatures vanquished.

Vanquished Creatures (others)
  7 starspawn tentacles (Abyss:3)
7 creatures vanquished.

Grand Total: 53 creatures vanquished

Notes
Turn   | Place    | Note
-------+----------+-------------------------------------------
     0 | Abyss:1  | thirtiethelement the Gnoll Abyssal Knight began the quest
                  | for the Orb.
     0 | Abyss:1  | Reached XP level 1. HP: 23/23 MP: 3/3
    10 | Abyss:1  | Found a corrupted altar of Lugonu.
    75 | Abyss:2  | Noticed a wretched star
    94 | Abyss:3  | Noticed a tentacled starspawn
   131 | Abyss:3  | Noticed a phantasmal warrior
   134 | D:1      | Escaped the Abyss
   384 | D:1      | Reached XP level 2. HP: 29/29 MP: 5/5
   401 | D:1      | Reached * piety under Lugonu
   695 | D:1      | Found a shimmering altar of Xom.
   720 | D:1      | Reached XP level 3. HP: 35/35 MP: 6/6
  1932 | D:2      | Reached skill level 1 in Short Blades
  1932 | D:2      | Reached skill level 1 in Long Blades
  1932 | D:2      | Reached skill level 1 in Maces & Flails
  1932 | D:2      | Reached skill level 1 in Polearms
  1932 | D:2      | Reached skill level 1 in Staves
  1932 | D:2      | Reached skill level 1 in Slings
  1932 | D:2      | Reached skill level 1 in Bows
  1932 | D:2      | Reached skill level 1 in Crossbows
  1932 | D:2      | Reached skill level 1 in Throwing
  1932 | D:2      | Reached skill level 1 in Stealth
  1932 | D:2      | Reached skill level 1 in Shields
  1932 | D:2      | Reached skill level 1 in Unarmed Combat
  1932 | D:2      | Reached skill level 1 in Spellcasting
  1932 | D:2      | Reached skill level 1 in Evocations
  2014 | D:2      | Reached XP level 4. HP: 41/41 MP: 7/7
  2293 | D:3      | Found a radiant altar of Vehumet.
  2293 | D:3      | Found an iron altar of Okawaru.
  2293 | D:3      | Noticed Robin
  2294 | D:3      | Found a snail-covered altar of Cheibriados.
  2309 | D:3      | HP: 1/41 [goblin[Robin] (3)]
  2310 | D:3      | Slain by Robin

Illustrated notes

Levels and vault maps discovered:
D:1:      psy_arrival_terrarium, layout_loops_cross, nrook_mini_backslash,
          xom_teletrap_fun
D:2:      layout_loops_ring, minmay_3d_cube
D:3:      layout_loops_ring, grunt_temple_overflow_open, saegor_snake_ambush,
          uniq_sigmund, uniq_robin

Skill      XL: |  1  2  3 |
---------------+----------+-----
Short Blades   | 1 |  1.0
Long Blades    | 1 |  1.0
Maces & Flails | 1 |  1.0
Polearms       | 1 |  1.0
Staves         | 1 |  1.0
Slings         | 1 |  1.0
Bows           | 1 |  1.0
Crossbows      | 1 |  1.0
Throwing       | 1 |  1.0
Stealth        | 1 |  1.0
Shields        | 1 |  1.0
Unarmed Combat | 1 |  1.0
Spellcasting   | 1 |  1.0
Evocations     | 1 |  1.0
Fighting       | |  6.6
Axes           | |  4.6
Armour         | |  4.6
Dodging        | |  2.7
Conjurations   | |  0.8
Hexes          | |  0.8
Charms         | |  0.8
Summonings     | |  0.8
Necromancy     | |  0.8
Translocations | |  0.8
Transmutations | |  0.8
Fire Magic     | |  0.8
Ice Magic      | |  0.8
Air Magic      | |  0.8
Earth Magic    | |  0.8
Poison Magic   | |  0.8
Invocations    | |  4.6

Action                   |  1- 3 |  4- 6 || total
-------------------------+-------+-------++-------
Melee: Hand axe          |   126 |    29 ||   155
       Bite              |     6 |       ||     6
       Punch             |     2 |       ||     2
Invok: Depart the Abyss  |     1 |       ||     1
  Use: Scroll            |     7 |       ||     7
       Potion            |       |     1 ||     1
 Stab: Sleeping          |     1 |       ||     1
  Eat: Chunk             |     3 |     1 ||     4
Armor: Leather armour    |    34 |     7 ||    41
Dodge: Dodged            |    80 |    20 ||   100

Table legend:
 A = Non-vault XP
 B = Vault XP
 C = Vault XP percentage of total XP
 D = Non-vault monster count
 E = Vault monster count
 F = Vault count percentage of total count
                 A         B        C        D         E       F
            +---------+---------+-------+---------+---------+-------
      Total |      81 |      21 |  20.6 |      34 |      12 |  26.1
            +---------+---------+-------+---------+---------+-------
        D:1 |      40 |       0 |   0.0 |      23 |       0 |   0.0
        D:2 |      39 |       7 |  15.2 |      10 |       5 |  33.3
        D:3 |       2 |      14 |  87.5 |       1 |       7 |  87.5
            +---------+---------+-------+---------+---------+-------
